[ AOE2 MATCH · #506414775 ]
UnrankedGoths vs Gurjaras
Player's team · WIN
Rival team · LOSS
[ REPLAY ANALYSIS · EXTRACTED FROM THE RECORDED GAME ]
Feudal
11:09
Castle
—
Imperial
—
| APM avg | 64.1 |
| APM peak | 90 |
| eAPM avg | 28.1 |
| Villagers / military | 53 / 34 |
Focus
⚔️ 34.9% · 🌾 65.1%
Archer ×31 · Militia ×3
Feudal
9:04
Castle
—
Imperial
—
| APM avg | 61.3 |
| APM peak | 100 |
| eAPM avg | 27.2 |
| Villagers / military | 40 / 23 |
Focus
⚔️ 38.6% · 🌾 61.4%
Archer ×21 · Skirmisher ×2
Match map
Initial resources + every placement click. Lines = walls · curves = elevation contours. ◆ gold · ⬟ stone · ● berries · ✦ relic · ◌ wall gap
Your base· Open — unwalled flank
Wingardium Leviosa's base· ✓ Closed at 18:43 · 57t walls · 1 gate(s)
Smoothed initial terrain · ◌ = detected wall gap · hover for details
Inputs per minute
— jaumecr25 - - Wingardium Leviosa
Build order — jaumecr25
144 actions detected in the replay
| 0:00 | Queue | Villager (Male) |
| 0:01 | Build | House |
| 0:02 | Build | House |
| 0:06 | Queue | Villager (Male) |
| 0:07 | Queue | Villager (Male) |
| 0:07 | Queue | Villager (Male) |
| 1:28 | Queue | Villager (Male) |
| 2:00 | Queue | Villager (Male) |
| 2:01 | Queue | Villager (Male) |
| 2:29 | Queue | Villager (Male) |
| 2:29 | Queue | Villager (Male) |
| 2:48 | Queue | Villager (Male) |
| 2:53 | Build | Barracks |
| 3:02 | Queue | Villager (Male) |
| 3:20 | Build | House |
| 3:25 | Queue | Villager (Male) |
| 3:34 | Queue | Villager (Male) |
| 4:00 | Queue | Militia |
| 4:22 | Queue | Militia |
| 4:30 | Queue | Villager (Male) |
| 4:42 | Queue | Militia |
| 5:02 | Queue | Villager (Male) |
| 5:02 | Queue | Villager (Male) |
| 5:17 | Build | House |
| 5:20 | Build | House |
| 5:24 | Queue | Villager (Male) |
| 5:59 | Queue | Villager (Male) |
| 6:00 | Queue | Villager (Male) |
| 6:00 | Queue | Villager (Male) |
| 6:20 | Queue | Villager (Male) |
| 6:30 | Queue | Villager (Male) |
| 6:34 | Build | Lumber Camp |
| 6:43 | Queue | Villager (Male) |
| 6:59 | Queue | Villager (Male) |
| 7:27 | Queue | Villager (Male) |
| 7:40 | Queue | Villager (Male) |
| 7:44 | Build | House |
| 8:20 | Queue | Villager (Male) |
| 8:23 | Build | Mill |
| 8:54 | Research | Feudal Age |
| 8:54 | Research | Feudal Age |
| 9:23 | Queue | Villager (Male) |
| 9:38 | Build | House |
| 9:47 | Build | Mining Camp |
| 9:50 | Queue | Villager (Male) |
| 10:02 | Build | Palisade Wall |
| 10:17 | Queue | Villager (Male) |
| 10:21 | Research | Loom |
| 10:35 | Build | Palisade Wall |
| 10:35 | Build | Palisade Wall |
| 10:39 | Build | Palisade Wall |
| 10:51 | Queue | Villager (Male) |
| 11:09 | Age | Feudal Age |
| 11:16 | Build | Archery Range |
| 11:22 | Queue | Villager (Male) |
| 11:36 | Build | Archery Range |
| 11:47 | Build | Palisade Wall |
| 11:48 | Build | Palisade Wall |
| 11:49 | Build | Palisade Wall |
| 11:52 | Queue | Villager (Male) |
| 12:04 | Queue | Archer |
| 12:11 | Build | House |
| 12:20 | Build | Palisade Wall |
| 12:23 | Queue | Archer |
| 12:25 | Queue | Archer |
| 12:26 | Queue | Archer |
| 12:52 | Queue | Archer |
| 12:52 | Queue | Archer |
| 13:05 | Build | Palisade Wall |
| 13:06 | Build | Palisade Wall |
| 13:18 | Queue | Archer |
| 13:20 | Queue | Villager (Male) |
| 13:25 | Build | Palisade Wall |
| 13:26 | Build | Palisade Wall |
| 13:33 | Build | House |
| 13:44 | Queue | Archer |
| 13:44 | Queue | Archer |
| 13:55 | Queue | Archer |
| 13:57 | Queue | Villager (Male) |
| 14:04 | Build | Blacksmith |
| 14:27 | Queue | Villager (Male) |
| 14:30 | Build | House |
| 14:30 | Queue | Archer |
| 14:31 | Queue | Archer |
| 14:34 | Queue | Villager (Male) |
| 14:40 | Build | Palisade Wall |
| 14:44 | Build | Farm |
| 14:44 | Build | Farm |
| 14:44 | Build | Farm |
| 14:45 | Build | Farm |
| 14:45 | Build | Farm |
| 14:45 | Build | Farm |
| 14:48 | Queue | Villager (Male) |
| 14:51 | Queue | Archer |
| 14:56 | Research | Fletching |
| 14:56 | Research | Fletching |
| 14:57 | Research | Fletching |
| 15:06 | Build | Farm |
| 15:22 | Build | Farm |
| 15:22 | Queue | Archer |
| 15:33 | Queue | Villager (Male) |
| 15:33 | Queue | Villager (Male) |
| 15:54 | Queue | Archer |
| 15:58 | Build | House |
| 16:11 | Queue | Villager (Male) |
| 16:16 | Queue | Archer |
| 16:18 | Queue | Villager (Male) |
| 16:19 | Queue | Villager (Male) |
| 16:27 | Queue | Archer |
| 16:28 | Queue | Archer |
| 16:32 | Build | House |
| 16:48 | Queue | Villager (Male) |
| 16:50 | Build | Farm |
| 16:53 | Queue | Archer |
| 16:53 | Queue | Archer |
| 17:22 | Queue | Villager (Male) |
| 17:24 | Queue | Archer |
| 17:26 | Queue | Villager (Male) |
| 17:29 | Queue | Villager (Male) |
| 17:38 | Queue | Archer |
| 17:42 | Build | Farm |
| 17:47 | Queue | Archer |
| 17:55 | Queue | Villager (Male) |
| 17:59 | Build | Farm |
| 18:03 | Queue | Archer |
| 18:17 | Queue | Archer |
| 18:18 | Queue | Villager (Male) |
| 18:23 | Queue | Villager (Male) |
| 18:29 | Research | Double-Bit Axe |
| 18:29 | Research | Double-Bit Axe |
| 18:34 | Queue | Archer |
| 18:38 | Build | House |
| 18:46 | Queue | Archer |
| 18:48 | Research | Padded Archer Armor |
| 18:48 | Research | Padded Archer Armor |
| 18:55 | Queue | Archer |
| 19:02 | Build | House |
| 19:08 | Queue | Villager (Male) |
| 19:24 | Queue | Villager (Male) |
| 19:29 | Queue | Archer |
| 19:36 | Build | Palisade Wall |
| 19:51 | Queue | Villager (Male) |
| 19:53 | Queue | Archer |
| 20:09 | Queue | Archer |
Build order — Wingardium Leviosa
122 actions detected in the replay
| 0:00 | Queue | Villager (Male) |
| 0:00 | Queue | Villager (Male) |
| 0:01 | Queue | Villager (Male) |
| 0:02 | Build | House |
| 0:02 | Build | House |
| 0:08 | Queue | Villager (Male) |
| 0:09 | Queue | Villager (Male) |
| 0:42 | Build | Mill |
| 1:33 | Queue | Villager (Male) |
| 1:51 | Queue | Villager (Male) |
| 2:24 | Queue | Villager (Male) |
| 2:36 | Queue | Villager (Male) |
| 3:07 | Queue | Villager (Male) |
| 3:27 | Queue | Villager (Male) |
| 3:53 | Build | House |
| 4:03 | Queue | Villager (Male) |
| 4:04 | Queue | Villager (Male) |
| 4:04 | Queue | Villager (Male) |
| 4:19 | Queue | Villager (Male) |
| 4:26 | Build | House |
| 4:30 | Queue | Villager (Male) |
| 4:57 | Build | Lumber Camp |
| 5:00 | Queue | Villager (Male) |
| 5:38 | Research | Loom |
| 5:47 | Build | Palisade Wall |
| 5:50 | Build | Palisade Wall |
| 5:54 | Build | Palisade Wall |
| 6:02 | Build | Palisade Gate |
| 6:12 | Queue | Villager (Male) |
| 6:24 | Build | House |
| 6:54 | Research | Feudal Age |
| 7:17 | Build | Palisade Wall |
| 7:50 | Build | Mining Camp |
| 8:04 | Build | Palisade Wall |
| 8:09 | Queue | Villager (Male) |
| 8:20 | Queue | Villager (Male) |
| 8:58 | Build | Barracks |
| 8:59 | Queue | Villager (Male) |
| 9:04 | Age | Feudal Age |
| 9:38 | Queue | Villager (Male) |
| 9:42 | Build | Archery Range |
| 10:03 | Queue | Villager (Male) |
| 10:11 | Research | Double-Bit Axe |
| 10:15 | Queue | Archer |
| 11:00 | Queue | Archer |
| 11:14 | Queue | Villager (Male) |
| 11:17 | Queue | Archer |
| 11:19 | Build | Blacksmith |
| 11:26 | Queue | Villager (Male) |
| 11:40 | Queue | Villager (Male) |
| 11:41 | Build | Farm |
| 11:49 | Build | Farm |
| 11:54 | Build | Farm |
| 12:10 | Research | Fletching |
| 12:17 | Queue | Villager (Male) |
| 12:24 | Build | Farm |
| 12:26 | Build | Palisade Wall |
| 12:36 | Build | House |
| 12:38 | Build | House |
| 13:03 | Queue | Villager (Male) |
| 13:22 | Build | House |
| 13:24 | Queue | Archer |
| 13:29 | Build | House |
| 13:50 | Queue | Villager (Male) |
| 13:51 | Queue | Archer |
| 13:51 | Queue | Villager (Male) |
| 14:25 | Queue | Villager (Male) |
| 14:26 | Queue | Archer |
| 14:30 | Build | Archery Range |
| 14:31 | Queue | Villager (Male) |
| 14:33 | Build | House |
| 14:40 | Queue | Archer |
| 14:42 | Queue | Villager (Male) |
| 14:44 | Build | Farm |
| 14:51 | Build | Palisade Wall |
| 14:53 | Queue | Archer |
| 15:01 | Build | Palisade Wall |
| 15:08 | Queue | Archer |
| 15:14 | Build | Farm |
| 15:17 | Build | House |
| 15:26 | Queue | Archer |
| 15:27 | Build | Farm |
| 15:36 | Build | Palisade Wall |
| 15:38 | Build | Farm |
| 15:39 | Queue | Villager (Male) |
| 15:45 | Queue | Villager (Male) |
| 15:48 | Queue | Archer |
| 15:58 | Build | Palisade Wall |
| 16:02 | Queue | Archer |
| 16:11 | Queue | Archer |
| 16:24 | Queue | Archer |
| 16:25 | Queue | Villager (Male) |
| 16:28 | Build | Farm |
| 16:46 | Queue | Archer |
| 16:50 | Build | House |
| 17:24 | Queue | Villager (Male) |
| 17:28 | Queue | Archer |
| 17:29 | Queue | Villager (Male) |
| 17:31 | Build | House |
| 17:42 | Build | Market |
| 17:46 | Build | House |
| 17:50 | Queue | Archer |
| 17:51 | Queue | Villager (Male) |
| 17:53 | Build | House |
| 17:58 | Build | House |
| 18:16 | Build | Lumber Camp |
| 18:22 | Build | Farm |
| 18:43 | Research | Castle Age |
| 18:49 | Queue | Archer |
| 19:01 | Build | Mining Camp |
| 19:17 | Queue | Archer |
| 19:35 | Queue | Archer |
| 19:40 | Build | House |
| 19:44 | Queue | Villager (Male) |
| 20:14 | Queue | Archer |
| 20:22 | Build | House |
| 20:23 | Build | House |
| 20:24 | Build | House |
| 20:26 | Build | House |
| 20:35 | Research | Padded Archer Armor |
| 20:35 | Queue | Skirmisher |
| 20:36 | Queue | Skirmisher |
Match timeline
| 2:53 | jaumecr25 · first_building Barracks |
| 5:47 | Wingardium Leviosa · wall_segment Palisade Wall x1 |
| 5:50 | Wingardium Leviosa · wall_segment Palisade Wall x1 |
| 5:54 | Wingardium Leviosa · wall_segment Palisade Wall x1 |
| 7:17 | Wingardium Leviosa · wall_segment Palisade Wall x1 |
| 8:04 | Wingardium Leviosa · wall_segment Palisade Wall x1 |
| 8:58 | Wingardium Leviosa · first_building Barracks |
| 9:04 | Wingardium Leviosa · age_up feudal |
| 9:42 | Wingardium Leviosa · first_building Archery Range |
| 10:02 | jaumecr25 · wall_segment Palisade Wall x8 |
| 10:35 | jaumecr25 · wall_segment Palisade Wall x3 |
| 10:35 | jaumecr25 · wall_segment Palisade Wall x1 |
| 10:39 | jaumecr25 · wall_segment Palisade Wall x8 |
| 11:09 | jaumecr25 · age_up feudal |
| 11:16 | jaumecr25 · first_building Archery Range |
| 11:47 | jaumecr25 · wall_segment Palisade Wall x1 |
| 11:48 | jaumecr25 · wall_segment Palisade Wall x1 |
| 11:49 | jaumecr25 · wall_segment Palisade Wall x1 |
| 12:20 | jaumecr25 · wall_segment Palisade Wall x1 |
| 12:26 | Wingardium Leviosa · wall_segment Palisade Wall x1 |
| 13:05 | jaumecr25 · wall_segment Palisade Wall x1 |
| 13:06 | jaumecr25 · wall_segment Palisade Wall x1 |
| 13:25 | jaumecr25 · wall_segment Palisade Wall x1 |
| 13:26 | jaumecr25 · wall_segment Palisade Wall x2 |
| 14:40 | jaumecr25 · wall_segment Palisade Wall x1 |
| 14:51 | Wingardium Leviosa · wall_segment Palisade Wall x9 |
| 15:01 | Wingardium Leviosa · wall_segment Palisade Wall x19 |
| 15:36 | Wingardium Leviosa · wall_segment Palisade Wall x10 |
| 15:58 | Wingardium Leviosa · wall_segment Palisade Wall x13 |
| 19:36 | jaumecr25 · wall_segment Palisade Wall x10 |
| 20:44 | Wingardium Leviosa · resign |
[ AI ANALYSIS · 1 CREDIT ]
What really happened in this match?
Wolo.gg analyzes every decision: build order, eco, micro, common mistakes by bracket. Personalized analysis on WhatsApp or Discord in 30 seconds.
Civ guide
Goths
Perfil
jaumecr25